 Dungeon Crawl Stone Soup version 0.17-a0-1716-gdf19ebb (console) character file.

599 Monkaria the Gouger (level 7, -3/46 HPs)
             Began as a Felid Berserker on Aug 24, 2015.
             Was a High Priest of Trog.
             Slain by a giant frog (6 damage)
             ... on level 6 of the Dungeon.
             The game lasted 00:07:41 (4789 turns).

Monkaria the Gouger (Felid Berserker)               Turns: 4789, Time: 00:07:41

Health: -3/46      AC:  2    Str: 20    XL:     7   Next: 17%
Magic:  8/8        EV: 19    Int:  9    God:    Trog [*****.]
Gold:   221        SH:  0    Dex: 15    Spells: 0 memorised, 6 levels left
                                        Lives:  0   Deaths: 2

rFire  . . .     SeeInvis +       - Unarmed
rCold  . . .     Clarity  .     (armour unavailable)
rNeg   . . .     SustAt   .     (shield unavailable)
rPois  .         Gourm    .     (helmet unavailable)
rElec  .         Spirit   .     (cloak unavailable)
rCorr  .         Warding  .     (gloves unavailable)
rMut   .         Stasis   .     (boots unavailable)
MR     +....                    (no amulet)
Stlth  ..........               (no ring)
                                (no ring)

@: berserking, very quick, somewhat resistant to hostile enchantments, extremely
unstealthy
A: no armour, no weapons or thrown items, claws 1, fangs 3, see invisible,
carnivore 3, speed 1, shaggy fur 2, slow metabolism 1, sharp paws
a: Burn Spellbooks, Berserk, Trog's Hand, Brothers in Arms, Renounce Religion


You were on level 6 of the Dungeon.
You worshipped Trog.
Trog was extremely pleased with you.
You were very full.

You visited 1 branch of the dungeon, and saw 6 of its levels.

You collected 221 gold pieces.

Inventory:

Jewellery
 g - an uncursed ring of wizardry
 q - an uncursed amulet of regeneration {unknown}
 u - an uncursed ring of protection from cold {unknown}
Scrolls
 f - a scroll of magic mapping {unknown}
 i - 3 scrolls of remove curse {unknown}
 l - 2 scrolls of amnesia {unknown}
 m - 2 scrolls of immolation {unknown}
 n - 3 scrolls of identify {unknown}
 o - 2 scrolls of recharging {unknown}
 r - a scroll of fear {unknown}
 t - a scroll of blinking {unknown}
 w - a scroll of enchant weapon {unknown}
 x - a scroll of enchant armour {unknown}
Potions
 b - 3 potions of flight {unknown}
 c - a potion of cancellation {unknown}
 d - 3 potions of heal wounds {unknown}
 e - a potion of might
 h - a potion of curing {unknown}
 j - 5 potions of lignification {unknown}
 k - a potion of agility
 p - a potion of ambrosia {unknown}
 v - 2 potions of haste {unknown}
Books
 s - a book of Party Tricks

   Spells                             Type                      Level
   a - Summon Butterflies             Summoning                    1
   b - Apportation                    Translocation                1
   c - Tukima's Dance                 Hexes                        3
   d - Alistair's Intoxication        Transmutation/Poison         4
   e - Invisibility                   Hexes                        6
   Trog disapproves of the use of such an item.
Comestibles
 a - 8 meat rations
 z - 2 beef jerkies


   Skills:
 - Level 3.0 Fighting
 - Level 4.0 Dodging
 + Level 9.9 Unarmed Combat


You had 6 spell levels left.
You didn't know any spells.

Dungeon Overview and Level Annotations

Branches:
Dungeon (6/15)             Temple (0/1) D:4

Altars:
Dithmenos
Fedhas
Gozag
Nemelex Xobeh
Ru
Sif Muna
Yredelemnul
Zin


Innate Abilities, Weirdness & Mutations

You cannot wear armour.
You are incapable of wielding weapons or throwing items.
You have sharp claws.
You have razor-sharp teeth.
You have supernaturally acute eyesight.
You are carnivorous and can eat meat at any time.
You cover ground quickly.
You are covered in thick fur (AC +2).
You have a slow metabolism.
Your sharp claws are effective at attacking unaware monsters.


Message History

The orc wizard gestures at you while chanting.
The magic dart hits you!
Use which ability? (? or * to list)
A red film seems to cover your vision as you go berserk!
You feel yourself moving faster!
You feel mighty!
You feel somewhat less full.
You feel a strong urge to attack something.
You mangle the orc wizard!!
You kill the orc wizard!
Trog accepts your kill.
Trog appreciates your killing of a magic user.
The orc wizard mumbles some strange words.
The orc wizard blinks!
Things that are here:
a dagger; a robe; an orc corpse You barely miss the giant frog.
The orc priest invokes the aid of Beogh against you.
Something smites you!
* * * LOW HITPOINT WARNING * * *
The giant frog hits you.
You die...

.# #.#####)###
#.###.#.## #.# .# #.#
#.# #.# #.#.# # .# #.#
#.# #.# #.#.# #.# .###
#.# #.# #.. ...<# #..
...# #.#####.# ### ...##
##. .#.# #(......# .[..
#. .#.# ####.##.## .....
##.
.#.######.#...####o.....
##..
................@F......
....
##.######.#...####.....o
#.. ...# #.##.## .....
##. #### ##.#### .... #.
# #.#.# ... #. # ##..#
+# ## ##.# #.###### #.#
#... ..# ##.#######
##..# #.#


You could see a giant frog, an orc priest and an orc wizard.

Vanquished Creatures
  A phantom (D:5)
  An ogre (D:6)
  3 crimson imps
  A jelly (D:6)
  A hound (D:6)
  4 orc priests
  6 orc wizards
  Terence (D:2)
  2 iguanas
  A worker ant (D:4)
  Robin (D:3)
  9 gnolls
  7 adders
  An ooze (D:1)
  An adder skeleton (D:4)
  3 worms
  7 giant geckos
  29 orcs
  2 giant cockroaches
  13 hobgoblins
  21 jackals
  A ball python zombie (D:5)
  11 bats
  10 giant newts
  12 goblins
  A jackal skeleton (D:4)
  7 kobolds
  2 quokkas (D:2)
  6 rats
165 creatures vanquished.

Notes
Turn   | Place    | Note
--------------------------------------------------------------
     0 | D:1      | Monkaria the Felid Berserker began the quest for the Orb.
     0 | D:1      | Reached XP level 1. HP: 10/10 MP: 2/2
   157 | D:1      | Reached XP level 2. HP: 9/14 MP: 3/3
   357 | D:1      | Acquired Trog's second power
   377 | D:1      | Reached XP level 3. HP: 10/17 MP: 4/4
   600 | D:2      | Found a shadowy altar of Dithmenos.
   607 | D:2      | Found a sparkling altar of Nemelex Xobeh.
   609 | D:2      | Found a basalt altar of Yredelemnul.
   609 | D:2      | Found a blossoming altar of Fedhas.
   609 | D:2      | Found an opulent altar of Gozag.
   612 | D:2      | Found a glowing silver altar of Zin.
   672 | D:2      | Noticed Terence
   693 | D:2      | Killed Terence
   693 | D:2      | Reached skill level 5 in Unarmed Combat
   693 | D:2      | Reached XP level 4. HP: 21/21 MP: 5/5
  1041 | D:2      | Found a deep blue altar of Sif Muna.
  1317 | D:3      | Noticed Robin
  1330 | D:3      | Killed Robin
  1357 | D:3      | Reached XP level 5. HP: 19/24 MP: 6/6
  1675 | D:3      | Reached skill level 6 in Unarmed Combat
  2043 | D:4      | Found a staircase to the Ecumenical Temple.
  2419 | D:4      | Slain by an orc
  2420 | D:4      | Reached XP level 4. HP: -5/21 MP: 5/5
  2744 | D:5      | Entered Level 5 of the Dungeon
  2855 | D:5      | Reached XP level 5. HP: 24/24 MP: 6/6
  2945 | D:5      | Found a sacrificial altar of Ru.
  2950 | D:5      | Acquired Trog's third power
  2955 | D:5      | Reached skill level 7 in Unarmed Combat
  3365 | D:5      | Gained mutation: You are covered in thick fur (AC +2). [Felid growth]
  3365 | D:5      | Reached XP level 6. HP: 28/28 MP: 7/7
  3506 | D:5      | Reached skill level 8 in Unarmed Combat
  3575 | D:5      | Noticed a phantom
  3585 | D:5      | Killed a phantom
  3585 | D:5      | Reached XP level 7. HP: 28/31 MP: 8/8
  3910 | D:6      | Reached skill level 9 in Unarmed Combat
  4534 | D:6      | HP: 1/31 [centaur/arrow (10)]
  4537 | D:6      | Shot with an arrow by a centaur
  4538 | D:6      | Reached XP level 6. HP: -7/28 MP: 7/7
  4643 | D:6      | Reached XP level 7. HP: 31/31 MP: 8/8
  4789 | D:6      | Slain by a giant frog

Vault maps used:
D:1:      dpeg_arrival_stone_temple_mockup
D:2:      minitemple, wad_floor_pattern_untrapped, led_sif_pool, uniq_terence
D:3:      first_bread, uniq_robin
D:4:      minmay_temple_entry_from_below_a
D:5:      nicolae_ru_great_annihilating_truth
D:6:      lemuel_castle_with_subvaults

Action                   |  1- 3 |  4- 6 |  7- 9 || total
-------------------------+-------+-------+-------++-------
Melee: Unarmed           |    78 |   224 |    83 ||   385
Invok: Berserk           |     1 |     7 |     6 ||    14
       Trog's Hand       |       |     2 |     1 ||     3
 Stab: Sleeping          |     9 |     5 |       ||    14
       Distracted        |       |     1 |       ||     1
  Eat: Chunk             |     1 |    27 |    10 ||    38
